 Dungeon Crawl Stone Soup version 0.21-a0-471-gd587bd5 (webtiles) character file.

84318 theanonym the Brawler (level 15, -3/148 HPs)
             Began as a Troll Monk on Nov 21, 2017.
             Was a Believer of Uskayaw.
             Killed from afar by a necromancer (34 damage)
             ... with a bolt of fire
             ... on level 15 of the Dungeon.
             The game lasted 01:15:24 (19987 turns).

theanonym the Brawler (Troll Monk)                 Turns: 19987, Time: 01:15:24

Health: -3/148     AC: 11    Str: 32    XL:     15   Next: 34%
Magic:  0/14       EV: 20    Int:  6    God:    Uskayaw [**....]
Gold:   1622       SH: 22    Dex: 16    Spells: 12/14 levels left

rFire    . . .     SeeInvis .     - Unarmed
rCold    . . .     Gourm    +   E - +1 large shield
rNeg     . . .     Faith    .   V - +0 troll leather armour {Regen+}
rPois    +         Spirit   +   P - +0 hat of the Invisible Hand {rElec Regen+ Str+6 Dex-3}
rElec    +         Reflect  .   z - scarf {repulsion}
rCorr    .         Harm     .   (gloves unavailable)
MR       +....                  (boots unavailable)
Stlth    +++.......             O - amulet of guardian spirit {Spirit}
HPRegen  1.54/turn              s - +4 ring of protection
MPRegen  0.14/turn              C - ring "Xafosuew" {rPois EV+2}

@: agile, hasted, repel missiles, very quick
A: unfitting armour, claws 3, fast metabolism 3, gourmand, regeneration 1,
shaggy fur 1, tough skin 2
a: Stomp, Line Pass, Renounce Religion


Innate Abilities, Weirdness & Mutations

You are too large for most types of armour.
You have claws for hands.
Your metabolism is lightning-fast.
You like to eat raw meat.
Your natural rate of healing is unusually fast.
You are covered in fur. (AC +1)
You have very tough skin. (AC +2)


   Skills:
 - Level 9.6 Fighting
 - Level 5.0 Armour
 - Level 6.2 Dodging
 - Level 1.0 Stealth
 + Level 13.2 Shields
 - Level 17.2 Unarmed Combat


You had 12 spell levels left.
You knew the following spells:

 Your Spells              Type           Power        Failure   Level  Hunger
a - Blink                 Tloc           N/A          77%         2    ###....

Skill      XL: |  1  2  3  4  5  6  7  8  9 10 11 12 13 14 15 |
---------------+----------------------------------------------+-----
Unarmed Combat | 4 5 6 8 10 11 12 13 15 16 17 | 17.2
Shields        | 2 4 5 7 8 9 12 13 | 13.2
Fighting       | 3 4 6 7 8 9 |  9.6
Armour         | 3 4 5 |  5.0
Dodging        | 4 5 6 |  6.2
Stealth        | |  1.0

Action                   |  1- 3 |  4- 6 |  7- 9 | 10-12 | 13-15 || total
-------------------------+-------+-------+-------+-------+-------++-------
Melee: Unarmed           |   101 |   159 |   197 |   562 |   912 ||  1931
       Punch             |     1 |     1 |     8 |     5 |       ||    15
 Fire: Blowgun           |       |     5 |     1 |       |       ||     6
Throw: Throwing net      |       |       |       |     3 |       ||     3
Invok: Divine Shield     |       |       |     6 |    15 |     9 ||    30
       Stomp             |       |       |       |       |    23 ||    23
       Line Pass         |       |       |       |       |     5 ||     5
Evoke: Wand              |       |       |       |    26 |     9 ||    35
       Phial of floods   |       |       |       |     1 |       ||     1
  Use: Scroll            |       |     7 |     3 |    14 |     9 ||    33
       Potion            |       |     1 |       |     2 |     8 ||    11
 Stab: Sleeping          |     6 |       |     1 |       |       ||     7
       Paralysed         |       |       |       |       |    22 ||    22
       Confused          |       |       |       |       |     1 ||     1
       Distracted        |       |       |       |       |     1 ||     1
  Eat: Chunk             |    15 |    16 |    31 |    57 |    84 ||   203
Armor: Robe              |    29 |    53 |    40 |    19 |       ||   141
       Troll leather arm |       |       |       |    60 |   105 ||   165
Dodge: Dodged            |    47 |    96 |    82 |   189 |   210 ||   624
       Deflected         |       |       |     1 |     7 |    11 ||    19
Block: Other             |       |       |    21 |    10 |       ||    31
       Shield            |       |       |       |   335 |    17 ||   352
       Large shield      |       |       |       |       |   786 ||   786

Inventory:

Hand Weapons
 a - a +4 giant spiked club
   (You took it off an ogre on level 8 of the Dungeon)
Missiles
 H - 2 throwing nets (quivered)
 K - 14 large rocks
Armour
 z - a scarf of repulsion (worn)
   (You found it on level 5 of the Dungeon)
 E - a +1 large shield (worn)
   (You found it on level 7 of the Dungeon)
 P - the +0 hat of the Invisible Hand (worn) {rElec Regen+ Str+6 Dex-3}
   (You bought it in a shop on level 9 of the Dungeon)

   It affects your strength (+6).
   It affects your dexterity (-3).
   It insulates you from electricity.
   It increases your rate of regeneration.
 V - a +0 troll leather armour (worn) {Regen+}
   (You found it on level 10 of the Dungeon)
Jewellery
 j - an uncursed ring of protection from fire {rF+}
   (You found it on level 13 of the Dungeon)
 s - a +4 ring of protection (left claw)
   (You bought it in a shop on level 8 of the Dungeon)
 B - an uncursed ring of protection from magic {MR+}
   (You found it on level 5 of the Dungeon)
 C - the ring "Xafosuew" (right claw) {rPois EV+2}
   (You found it on level 7 of the Dungeon)

   [ring of evasion]

   It affects your evasion (+2).
   It protects you from poison.
 F - an uncursed ring of ice {rC+, rF-}
   (You took it off Fannar on level 2 of the Lair of Beasts)
 O - an amulet of guardian spirit (around neck) {Spirit}
   (You found it on level 9 of the Dungeon)
Wands
 c - a wand of clouds (6)
   (You found it on level 1 of the Lair of Beasts)
 d - a wand of digging (11)
   (You found it on level 11 of the Dungeon)
 e - a wand of polymorph (26)
   (You found it on level 5 of the Lair of Beasts)
 J - a wand of enslavement (12)
   (You found it on level 7 of the Dungeon)
Scrolls
 b - 2 scrolls of blinking
 f - 2 scrolls of fog {!r}
 l - 3 scrolls of immolation
 p - 8 scrolls of remove curse
 t - 11 scrolls of teleportation {!r}
 u - 2 scrolls of random uselessness {unknown}
 y - 2 scrolls of magic mapping {!r}
 A - a scroll of summoning
 L - 5 scrolls of enchant armour
Potions
 g - 3 potions of agility
 h - 5 potions of flight
 k - a potion of might
 n - 13 potions of curing
 q - 8 potions of heal wounds
 v - 4 potions of haste
 w - 2 potions of resistance
 D - 6 potions of mutation
 G - a potion of experience {unknown}
 Q - 2 potions of invisibility {unknown}
 S - a potion of cancellation
 T - 3 potions of lignification {unknown}
 Y - 3 potions of berserk rage {unknown}
Miscellaneous
 X - a phantom mirror
 Z - a phial of floods
   (You found it on level 1 of the Lair of Beasts)
Comestibles
 i - 9 meat rations
 m - 12 bread rations
 o - a chunk of flesh
 N - 11 royal jellies

Dungeon Overview and Level Annotations

Branches:
Dungeon (15/15)            Temple (1/1) D:6            Lair (6/6) D:10
  Swamp (0/4) Lair:3       Spider (0/4) Lair:4        Slime (1/5) Lair:6
    Orc (2/2) D:12         Vaults (0/5) D:13
    Elf: Orc:2       Depths: D:15

Altars:
Ashenzari
Cheibriados
Dithmenos
Elyvilon
Fedhas
Gozag
Hepliaklqana
Kikubaaqudgha
Makhleb
Nemelex Xobeh
Okawaru
Qazlal
Ru
Sif Muna
Uskayaw
Vehumet
Wu Jian
Xom
Yredelemnul
Zin
The Shining One
Beogh

Shops:
D:8 *   D:9 [   D:12 (   D:13 (   Orc:2 =

Annotations:
Lair:2 exclusions: electric eel and 5 more exclusions


You were on level 15 of the Dungeon.
You worshipped Uskayaw.
Uskayaw was noncommittal.
You were completely stuffed.

You visited 5 branches of the dungeon, and saw 25 of its levels.
You also visited: Sewer.

You collected 2306 gold pieces.
You spent 684 gold pieces at shops.


Message History

Something smites you!
* * * LOW MAGIC WARNING * * *;
* * * LOW HITPOINT WARNING * * *
You take 8 damage, and have 71/148 hp.
You now have 6/14 mp.
You regained 2 hp, and now have 74/148 hp.
The meliai mumbles some strange prayers to its god against you.
Something smites you!
* * * LOW MAGIC WARNING * * *;
* * * LOW HITPOINT WARNING * * *
The meliai calls down the wrath of its god upon you.
Something smites you!
* * * LOW MAGIC WARNING * * *;
* * * LOW HITPOINT WARNING * * *
You take 19 damage, and have 55/148 hp.
You now have 5/14 mp.
Uskayaw will no longer force your foes to helplessly watch your dance.
A meliai comes into view. It is wielding a hand axe.
You regained 2 hp, and now have 57/148 hp.
The necromancer casts a spell.
The necromancer flickers and vanishes!
Deactivating autopickup; reactivate with Ctrl-A.
You block the stone giant zombie's attack.
The stone giant zombie appears confused.
The skeletal warrior appears confused.
The meliai appears confused.
* * * LOW MAGIC WARNING * * *
You feel somewhat less full.
You can no longer pass through a line of other dancers.
A meliai comes into view. It is wielding a hand axe.
The meliai buzzes angrily.
You hear an angry squeal.
The stone giant zombie seems less confused.
The meliai closely misses the meliai.
The meliai stings the meliai.
The meliai moves out of view.
The skeletal warrior hits the stone giant zombie with a trident!
The meliai misses the meliai.
The meliai closely misses the meliai.
You regained 2 hp, and now have 60/148 hp.
You now have 1/14 mp.
You mangle the skeletal warrior!!
The meliai hits the meliai with a war axe.
The meliai closely misses the meliai.
You mangle the skeletal warrior!!
The skeletal warrior seems less confused.
The meliai seems less confused.
The skeletal warrior hits you with a trident.
* * * LOW MAGIC WARNING * * *;
* * * LOW HITPOINT WARNING * * *
Something hits you but does no damage.
You can now pass through a line of other dancers.
You take 1 damage, and have 60/148 hp.
You now have 0/14 mp.
You closely miss the skeletal warrior.
A hog comes into view.
You eviscerate the skeletal warrior!!!
You destroy the skeletal warrior!
Something hits you but does no damage.
You mangle the stone giant zombie!! Something hits you but does no damage.
You eviscerate the stone giant zombie!!!
You hear an angry squeal.
The stone giant zombie hits you!
* * * LOW MAGIC WARNING * * *;
* * * LOW HITPOINT WARNING * * *
Uskayaw will force your foes to helplessly watch your dance.
You take 15 damage, and have 48/148 hp.
You now have 0/14 mp.
You scratch the stone giant zombie but do no damage.
Something hits you but does no damage.
You regained 2 hp, and now have 50/148 hp.
You feel agile all of a sudden. Something barely misses you.
The stone giant zombie hits you!
* * * LOW HITPOINT WARNING * * *
Something bites the withered plant.
The meliai invokes the aid of its god against you.
Something smites you!
* * * LOW HITPOINT WARNING * * *
You take 18 damage, and have 32/148 hp.
You claw the stone giant zombie! You block something's attack.
You block the stone giant zombie's attack.
Something bites the withered plant.
You eviscerate the stone giant zombie!!!
You destroy the stone giant zombie!
You hear an angry squeal.
The meliai calls upon its god to heal the meliai.
The meliai's wounds heal themselves!
Something bites the withered plant.
You hear some strange, mumbled words.
The meliai's soul is no longer bound.
Something bites the withered plant.
You see here a trident.
You regained 2 hp, and now have 36/148 hp.
You hear some strange, mumbled words.
Your body is wracked with pain!
* * * LOW MAGIC WARNING * * *;
* * * LOW HITPOINT WARNING * * *
You take 15 damage, and have 22/148 hp.
You now have 0/14 mp.
Really read
f - 3 scrolls of fog {!r}?
As you read the scroll of fog {!r}, it crumbles to dust.
The scroll dissolves into smoke.
You hear some strange, mumbled words.
A bolt of fire appears from out of thin air!
The bolt of fire hits you!
* * * LOW HITPOINT WARNING * * *
You take 22 damage, and have 1/148 hp.
You feel much better.
You hear some strange, mumbled words.
Uskayaw will no longer force your foes to helplessly watch your dance.
You regained 29 hp, and now have 30/148 hp.
Okay, then.
You feel yourself speed up.
You hear some strange, mumbled words.
A bolt of fire appears from out of thin air!
The bolt of fire hits you!
You die...

##### .....# 8.8...# .).(...
.......
.P....Z#######################
......hyyy§{§@§§..............
....8P.#################......
.P8.... #...... .P...8.
#...... ....... #......
P...... #####....). 8...8..
............ ...88..
...........< ############


There were no monsters in sight!

Notes
Turn   | Place    | Note
-------+----------+-------------------------------------------
     0 | D:1      | theanonym the Troll Monk began the quest for the Orb.
     0 | D:1      | Reached XP level 1. HP: 22/22 MP: 0/0
   113 | D:1      | Reached XP level 2. HP: 29/29 MP: 1/1
   140 | D:1      | Found a snail-covered altar of Cheibriados.
   499 | D:1      | Reached skill level 4 in Unarmed Combat
   530 | D:1      | Reached XP level 3. HP: 36/36 MP: 2/2
   978 | D:2      | Reached XP level 4. HP: 44/44 MP: 3/3
   981 | D:2      | Reached skill level 5 in Unarmed Combat
  1471 | D:3      | Reached XP level 5. HP: 50/50 MP: 4/4
  1511 | D:3      | Found a glowing drain.
  1515 | Sewer    | Entered a sewer
  1574 | Sewer    | Reached skill level 6 in Unarmed Combat
  1991 | D:3      | Found a burning altar of Makhleb.
  2021 | D:3      | Found a radiant altar of Vehumet.
  2161 | D:4      | HP: 24/50 [adder (5)]
  2174 | D:4      | HP: 16/50 [adder (2)]
  2181 | D:3      | HP: 17/50 [adder (2)]
  2182 | D:3      | Reached XP level 6. HP: 16/59 MP: 5/5
  2331 | D:4      | Reached skill level 7 in Unarmed Combat
  2502 | D:4      | Found a burning altar of Makhleb.
  2707 | D:4      | Noticed an ice beast
  2721 | D:4      | Killed an ice beast
  2904 | D:5      | Entered Level 5 of the Dungeon
  2992 | D:5      | Found a sparkling altar of Nemelex Xobeh.
  3034 | D:5      | Reached skill level 8 in Unarmed Combat
  3034 | D:5      | Reached XP level 7. HP: 54/66 MP: 6/6
  3207 | D:5      | Noticed nikopol's ghost (novice DEFE)
  3212 | D:5      | Killed nikopol's ghost
  3212 | D:5      | Reached skill level 9 in Unarmed Combat
  3396 | D:5      | Noticed Grinder
  3417 | D:5      | Killed Grinder
  3417 | D:5      | Reached skill level 10 in Unarmed Combat
  3417 | D:5      | Reached XP level 8. HP: 53/74 MP: 7/7
  3887 | D:5      | HP: 36/74 [orc warrior/trident (14)]
  4019 | D:6      | Found a staircase to the Ecumenical Temple.
  4031 | Temple   | Entered the Ecumenical Temple
  4084 | Temple   | Became a worshipper of the Shining One
  4084 | Temple   | Reached * piety under the Shining One
  4084 | Temple   | Reached ** piety under the Shining One
  4109 | D:6      | HP: 33/74 [howler monkey (7)]
  4114 | D:6      | Reached skill level 1 in Shields
  4317 | D:6      | Reached skill level 3 in Fighting
  4601 | D:7      | Noticed a hippogriff
  4607 | D:7      | Killed a hippogriff
  4607 | D:7      | Reached skill level 2 in Shields
  4607 | D:7      | Reached skill level 11 in Unarmed Combat
  4627 | D:7      | Reached XP level 9. HP: 83/83 MP: 6/8
  4646 | D:7      | Got a slimy platinum ring
  4647 | D:7      | Identified the ring "Xafosuew" {rPois EV+2} (You found it on level 7 of the Dungeon)
  4773 | D:7      | HP: 40/84 [killer bee (5)]
  4778 | D:7      | HP: 41/84 [poisoned by a killer bee]
  4784 | D:7      | HP: 39/84 [poisoned by a killer bee]
  4792 | D:7      | HP: 42/84 [poisoned by a killer bee]
  4999 | D:7      | Reached skill level 4 in Fighting
  4999 | D:7      | Reached skill level 3 in Shields
  5368 | D:7      | Noticed Duvessa
  5369 | D:7      | Noticed Dowan
  5378 | D:7      | Killed Duvessa
  5378 | D:7      | Reached skill level 12 in Unarmed Combat
  5381 | D:7      | Killed Dowan
  5891 | D:8      | Noticed Grum
  5891 | D:8      | Reached *** piety under the Shining One
  5899 | D:7      | Reached skill level 4 in Shields
  5907 | D:7      | Reached XP level 10. HP: 73/94 MP: 6/9
  5990 | D:8      | Found Dainuq's General Store.
  6019 | D:8      | Reached skill level 5 in Fighting
  6026 | D:8      | Killed Grum
  6689 | D:9      | Noticed Gastronok
  6701 | D:9      | HP: 38/96 [Gastronok (27)]
  6833 | D:9      | Noticed Erica
  6846 | D:9      | Killed Erica
  6846 | D:9      | Reached skill level 13 in Unarmed Combat
  6912 | D:9      | Killed Gastronok
  6912 | D:9      | Reached skill level 6 in Fighting
  6912 | D:9      | Reached skill level 5 in Shields
  6946 | D:9      | Found Goacvoar's Antique Armour Shoppe.
  6954 | D:9      | Bought a translucent hat for 216 gold pieces
  6964 | D:9      | Identified the +0 hat of the Invisible Hand {rElec Regen+ Str+6 Dex-3} (You bought it in a shop on level 9 of the Dungeon)
  7136 | D:9      | Found a white marble altar of Elyvilon.
  7154 | D:9      | Found an opulent altar of Gozag.
  7154 | D:9      | Found a shattered altar of Ashenzari.
  7156 | D:9      | Found a basalt altar of Yredelemnul.
  7450 | D:10     | Entered Level 10 of the Dungeon
  7481 | D:10     | Reached XP level 11. HP: 89/105 MP: 7/10
  7711 | D:10     | Noticed a two-headed ogre
  7723 | D:10     | Killed a two-headed ogre
  7745 | D:10     | Reached skill level 14 in Unarmed Combat
  7895 | D:10     | Reached skill level 6 in Shields
  7921 | D:10     | Found a staircase to the Lair.
  8719 | Lair:1   | Entered Level 1 of the Lair of Beasts
  9088 | Lair:1   | Reached skill level 7 in Fighting
  9140 | Lair:1   | Learned a level 2 spell: Blink
  9238 | Lair:1   | Noticed a six-headed hydra
  9248 | Lair:1   | Killed a ten-headed hydra
  9556 | Lair:2   | Noticed a five-headed hydra
  9568 | Lair:2   | Killed an 11-headed hydra
  9675 | Lair:2   | Noticed Nergalle
  9687 | Lair:2   | Killed Nergalle
  9794 | Lair:2   | Noticed Fannar
  9809 | Lair:2   | Killed Fannar
  9809 | Lair:2   | Reached skill level 7 in Shields
  9809 | Lair:2   | Reached skill level 15 in Unarmed Combat
  9856 | Lair:2   | Reached XP level 12. HP: 101/118 MP: 8/11
 10364 | Lair:3   | Reached **** piety under the Shining One
 10365 | Lair:3   | Reached skill level 1 in Armour
 10376 | Lair:3   | HP: 58/119 [spiny frog (17)]
 10382 | Lair:3   | HP: 56/119 [wolf (8)]
 10390 | Lair:3   | HP: 56/119 [wolf (6)]
 10396 | Lair:3   | HP: 48/119 [wolf (1)]
 10404 | Lair:3   | Reached skill level 3 in Dodging
 10404 | Lair:3   | HP: 47/119 [wolf (6)]
 10416 | Lair:3   | HP: 56/119 [wolf (2)]
 10437 | Lair:3   | HP: 58/119 [wolf (9)]
 10462 | Lair:3   | HP: 58/119 [wolf (9)]
 10467 | Lair:3   | HP: 57/119 [wolf (6)]
 10474 | Lair:3   | HP: 59/119 [wolf (6)]
 10483 | Lair:3   | HP: 50/119 [wolf (9)]
 10644 | Lair:3   | Reached skill level 2 in Armour
 10658 | Lair:3   | Noticed an eight-headed hydra
 10661 | Lair:3   | Reached skill level 8 in Fighting
 10713 | Lair:3   | Reached skill level 8 in Shields
 10832 | Lair:3   | Found a staircase to the Swamp.
 10978 | Lair:3   | Killed a 13-headed hydra
 11103 | Lair:3   | Identified a scroll of acquirement
 11104 | Lair:3   | Got a bloodstained hat
 11115 | Lair:3   | Identified the +2 hat of the Swan {rN+ Dex+3} (You acquired it on level 3 of the Lair of Beasts)
 11407 | Lair:4   | Reached skill level 4 in Dodging
 11442 | Lair:4   | Noticed an eight-headed hydra
 11449 | Lair:4   | HP: 60/120 [eight-headed hydra (11)]
 11493 | Lair:4   | Reached skill level 3 in Armour
 11552 | Lair:4   | Killed a 15-headed hydra
 11628 | Lair:4   | Noticed a seven-headed hydra
 11678 | Lair:4   | Found a hole to the Spider Nest.
 11727 | Lair:4   | Reached XP level 13. HP: 122/128 MP: 12/12
 11775 | Lair:4   | HP: 64/128 [death yak (18)]
 11777 | Lair:4   | Reached skill level 16 in Unarmed Combat
 11780 | Lair:4   | HP: 53/128 [death yak (17)]
 12075 | Lair:4   | Reached skill level 9 in Shields
 12721 | Lair:4   | Reached skill level 4 in Armour
 12724 | Lair:4   | HP: 54/128 [black mamba (11)]
 12729 | Lair:4   | HP: 57/128 [poisoned by a black mamba]
 12735 | Lair:4   | HP: 62/128 [poisoned by a black mamba]
 12803 | Lair:5   | Reached skill level 5 in Dodging
 13227 | Lair:5   | Noticed nikopol's ghost (journeyman DEFE)
 13233 | Lair:5   | Noticed Nessos
 13241 | Lair:5   | Killed Nessos
 13251 | Lair:5   | Killed nikopol's ghost
 13292 | Lair:5   | Reached skill level 9 in Fighting
 13601 | Lair:6   | Entered Level 6 of the Lair of Beasts
 13809 | Lair:6   | Noticed a dire elephant
 13811 | Lair:6   | Reached XP level 14. HP: 135/140 MP: 13/13
 13829 | Lair:6   | Reached skill level 10 in Shields
 13948 | Lair:6   | HP: 67/140 [elephant (7)]
 13953 | Lair:6   | HP: 69/140 [hornet (1)]
 14057 | Lair:6   | Reached skill level 5 in Armour
 14146 | Lair:6   | Found a staircase to the Slime Pits.
 14168 | Slime:1  | Entered Level 1 of the Pits of Slime
 14168 | Slime:1  | Noticed an acid blob
 14176 | Lair:6   | theanonym: !lg * urune>=3 urune<=5 win trmo maxskills=unarmed_combat s=god
 14176 | Lair:6   | beem: 181 games for * (urune>=3 urune<=5 win trmo maxskills=unarmed_combat): 32x Cheibriados, 25x Okawaru, 23x Jiyva, 19x Makhleb, 19x Qazlal, 17x Ru, 7x Yredelemnul, 7x Trog, 5x Nemelex Xobeh, 4x Zin, 3x Lugonu, 3x Dithmenos, 3x Wu Jian, 2x Fedhas, 2x Hepliaklqana, 2x Ashenzari, Wudzu, Pakellas, , Wulndraste, Xom, Gozag, Elyvilon, The Shining One
 14593 | Temple   | Fell from the grace of the Shining One
 14593 | Temple   | Became a worshipper of Uskayaw the Reveler
 15033 | Lair:6   | Reached * piety under Uskayaw
 15174 | Lair:6   | Reached ** piety under Uskayaw
 15257 | Lair:6   | Reached *** piety under Uskayaw
 15727 | D:11     | Reached skill level 17 in Unarmed Combat
 15833 | D:11     | Noticed Psyche
 15847 | D:11     | Killed Psyche
 16370 | D:8      | Bought a +4 ring of protection for 468 gold pieces
 16792 | D:12     | HP: 68/140 [nine-headed hydra (12)]
 16797 | D:12     | HP: 42/140 [hippogriff (3)]
 16803 | D:12     | Reached skill level 6 in Dodging
 16804 | D:12     | Reached **** piety under Uskayaw
 16887 | D:12     | Found a staircase to the Orcish Mines.
 16958 | D:12     | Found Jiruo's Weapon Shop.
 16973 | D:12     | Found a roughly hewn altar of Beogh.
 17385 | Orc:1    | Entered Level 1 of the Orcish Mines
 17611 | Orc:1    | HP: 63/140 [orc warrior/mace (18)]
 17953 | Orc:1    | Reached skill level 11 in Shields
 18162 | Orc:2    | Entered Level 2 of the Orcish Mines
 18358 | Orc:2    | Found Rocvaf's Jewellery Boutique.
 18359 | Orc:2    | Noticed an orc warlord
 18375 | Orc:1    | HP: 68/140 [troll (9)]
 18381 | Orc:1    | HP: 33/140 [troll (7)]
 18554 | D:13     | Noticed Maurice
 18563 | D:13     | HP: 54/140 [??? (42)]
 18568 | D:13     | HP: 54/140 [death knight/enchanted glaive (6)]
 18755 | D:13     | Killed Maurice
 18782 | D:13     | Reached ***** piety under Uskayaw
 18794 | D:13     | Reached ****** piety under Uskayaw
 18860 | D:13     | Reached skill level 12 in Shields
 18982 | D:13     | Found Nausiowi's Weapon Emporium.
 19076 | D:13     | Reached XP level 15. HP: 148/148 MP: 12/14
 19126 | D:13     | Found a gate to the Vaults.
 19675 | D:14     | Reached skill level 13 in Shields
 19910 | D:15     | Entered Level 15 of the Dungeon
 19964 | D:15     | HP: 71/148 [meliai/divine providence (10)]
 19972 | D:15     | HP: 60/148 [skeletal warrior/trident (2)]
 19978 | D:15     | HP: 43/148 [stone giant zombie (8)]
 19983 | D:15     | HP: 22/148 [??? (17)]
 19985 | D:15     | HP: 1/148 [something/bolt of fire (24)]
 19987 | D:15     | Killed from afar by a necromancer

Vanquished Creatures
  Gastronok (D:9)
  Nessos (Lair:5)
  A dire elephant (Lair:6)
  The ghost of nikopol the Eclecticist, a journeyman DEFE of Sif Muna (Lair:5)
  8 vault guards (D:13)
  8 hydras
  Fannar (Lair:2)
  A merfolk avatar (Lair:6)
  Erica (D:9)
  A death knight (D:13)
  3 two-headed ogres
  3 centaur warriors
  5 death yaks (Lair:4)
  Nergalle (Lair:2)
  A skeletal warrior (D:15)
  2 unseen horrors (D:12)
  2 sea snakes (Lair:6)
  4 orc knights
  2 lindwurms
  2 deep elf magi (D:13)
  A harpy (Lair:6)
  A sphinx zombie (D:15)
  A stone giant zombie (D:15)
  2 orc sorcerers (Orc:1)
  4 cyclopes
  A manticore (D:14)
  13 elephants
  Maurice (D:13)
  6 black mambas
  2 centaur zombies
  Psyche (D:11)
  2 gargoyles
  6 spiny frogs
  A torpor snail (Lair:5)
  6 komodo dragons
  4 rime drakes
  A spriggan zombie (D:15)
  A kobold demonologist (D:13)
  8 trolls
  3 meliai (D:14)
  A guardian mummy (D:15)
  The ghost of nikopol the Magician, a novice DEFE of Sif Muna (D:5)
  4 polar bears (Lair:6)
  A wind drake (Lair:6)
  Grinder (D:5)
  9 hornets
  8 blink frogs
  A meliai zombie (D:13)
  4 hippogriffs
  9 dream sheep
  A shadow (D:12)
  2 wraiths
  4 wyverns
  A spriggan (D:7)
  2 hungry ghosts
  Grum (D:8)
  4 basilisks
  A vampire (D:13)
  34 yaks
  A steam dragon (D:7)
  2 swamp worms (Lair:3)
  3 wargs
  An acid dragon (D:12)
  Duvessa (D:7)
  A soldier ant (D:12)
  13 water moccasins
  13 orc warriors
  7 porcupines
  3 sky beasts
  A swamp drake (D:10)
  A phantom (D:14)
  A black bear (D:6)
  A hornet zombie (D:7)
  An eye of draining (shapeshifter) (D:14)
  2 ice beasts
  12 ogres
  A necrophage (D:9)
  13 centaurs
  59 wolves
  12 crocodiles
  4 big kobolds
  23 bullfrogs
  A wyvern zombie (D:9)
  A gnoll sergeant (D:11)
  Dowan (D:7)
  3 scorpions
  3 killer bees (D:7)
  A howler monkey (D:6)
  4 electric eels (Lair:6)
  4 wights (D:8)
  3 crimson imps
  3 bullfrog zombies
  6 hounds
  3 quasits
  6 jellies
  4 centaur skeletons
  16 orc priests
  A gnoll shaman (D:10)
  9 worker ants
  3 iguanas
  21 orc wizards
  A killer bee zombie (D:9)
  A hound skeleton (D:11)
  A howler monkey zombie (D:6)
  A worker ant zombie (D:11)
  16 gnolls
  15 adders
  2 river rats (D:3)
  6 shadow imps
  6 oozes
  3 adder skeletons
  3 worms
  2 dart slugs
  3 leopard geckos
  56 orcs
  8 ball pythons
  4 bats
  7 giant cockroaches
  12 hobgoblins
  15 jackals
  35 kobolds
  2 quokkas
  7 frilled lizards
  10 goblins
  A jackal skeleton (D:8)
  2 leopard gecko skeletons
  3 leopard gecko zombies
  11 rats
705 creatures vanquished.

Vanquished Creatures (others)
  2 wolves (Lair:6)
  An orc priest (Orc:1)
  25 fungi
  46 plants
  A withered plant (D:15)
75 creatures vanquished.

Grand Total: 780 creatures vanquished
